 Dungeon Sprint DCSS version 0.26-a0-1026-g544776af23 (webtiles) character file.

Game seed: 4509232156182590407

12973 sahdkjhfkaj the Bludgeoner (level 11, -4/112 HPs)
             Began as a Deep Dwarf Fighter on Dec 9, 2020.
             Was the Champion of Makhleb.
             Slain by an orc knight
             ... wielding a +0 vorpal battleaxe
              (10 damage)
             ... in the Dungeon (Sprint IX: "|||||||||||||||||||||||||||||").
             The game lasted 00:01:54 (1001 turns).

sahdkjhfkaj the Bludgeoner (Deep Dwarf Fighter)     Turns: 1001, Time: 00:01:55

Health: -4/112     AC: 21    Str: 28    XL:     11   Next: 69%
Magic:  20/20      EV: 18    Int:  8    God:    Makhleb [******]
Gold:   1260       SH:  0    Dex: 13    Spells: 10/10 levels left

rFire    . . .     SeeInvis .   a - +2 dire flail (protect)
rCold    . . .     Faith    .   (shield currently unavailable)
rNeg     + . .     Spirit   .   o - +1 scale mail
rPois    +         Reflect  .   v - +0 hat {Will+}
rElec    .         Harm     .   t - +2 ratskin cloak {*Rats rPois rN+ Str-1 Int-1 Dex+1}
rCorr    .         Rampage  .   (no gloves)
Will     ++...     NoTele   +   (no boots)
Stlth    ..........             (no amulet)
HPRegen  0.00/turn              p - +3 ring of strength
MPRegen  0.17/turn              b - +3 ring of strength

@: protection aura, non-regenerating
A: damage resistance, heal wounds, sense surroundings 2, no regeneration
a: Heal Wounds, Minor Destruction, Lesser Servant of Makhleb, Major Destruction,
Greater Servant of Makhleb, Renounce Religion


You were in the Dungeon.
You worshipped Makhleb.
Makhleb was exalted by your worship.
You visited 1 branch You collected 1260 gold pieces.

Inventory:

Hand Weapons
 a - a +2 dire flail of protection (weapon)
Armour
 o - a +1 scale mail (worn)
 t - the +2 ratskin cloak (worn) {*Rats rPois rN+ Str-1 Int-1 Dex+1}
   (You found it in the Dungeon)

   It affects your strength (-1).
   It affects your intelligence (-1).
   It affects your dexterity (+1).
   It protects you from poison.
   It protects you from negative energy.
 v - a +0 hat of willpower (worn)
Jewellery
 b - a +3 ring of strength (right hand)
 p - a +3 ring of strength (left hand)
Wands
 n - a wand of acid (10)
Scrolls
 j - 2 scrolls of blinking
 l - 4 scrolls of remove curse
 m - 4 scrolls of amnesia
 q - a scroll of identify
 r - 4 scrolls of enchant armour
 s - a scroll of fear
Potions
 d - a potion of might
 e - 7 potions of curing
 f - 7 potions of heal wounds
 g - a potion of haste
 h - 4 potions of magic
 i - 2 potions of berserk rage
 k - a potion of invisibility
 u - 2 potions of brilliance {unknown}


   Skills:
 + Level 11.6 Fighting
 * Level 16.5 Maces & Flails
 + Level 13.5 Armour
 + Level 13.1 Dodging
 - Level 3.2 Shields
 - Level 15.0 Invocations


You had 10 spell levels left.
You didn't know any spells.
Your spell library was empty.

Dungeon Overview and Level Annotations

Branches:
Dungeon (1/1)

Altars:
Cheibriados
Dithmenos
Elyvilon
Fedhas
Gozag
Hepliaklqana
Kikubaaqudgha
Makhleb
Nemelex Xobeh
Okawaru
Qazlal
Ru
Sif Muna
Trog
Uskayaw
Vehumet
Wu Jian
Xom
Yredelemnul
Zin
The Shining One
Beogh
Jiyva
Lugonu

Shops:
D (:


Innate Abilities, Weirdness & Mutations

You are resistant to damage.
You can heal yourself by infusing magical energy.
You passively map the area around you.
You do not regenerate.


Message History

The orc knight no longer looks unusually strong.
The orc knight roars a battlecry!
The orc knight goes into a battle-frenzy!
The orc knight roars a battlecry!
The orc knight goes into a battle-frenzy!
You puncture the orc knight!
You kill the orc knight!
Makhleb accepts your kill.
You feel better.
Unknown command.
The orc knight hits you with a +0 vorpal battleaxe!!
* * * LOW HITPOINT WARNING * * *
x2
Items here: $ ) [ †.
You bludgeon the orc knight!!
The orc knight is heavily wounded.
The orc warrior no longer looks unusually strong.
The orc knight roars a battlecry!
The orc warrior goes into a battle-frenzy!
The orc knight hits you with a +0 vorpal battleaxe!
You die...

, , ,,+,, , ,, , ,, * * * * * **
* * , , , , , , , , , * **** * *
* * * * , , , , , , ,, ,,,, * ***
* * * * *** , , , ,, ,, *
▓▓▓▓▓▓▓▓▓▓▓▓▓▓▓▓▓▓▓▓▓▓▓▓ +, , ,
.∩ooooo@r)r....)...)))).
▓▓▓▓▓▓▓▓▓▓▓▓▓▓▓▓▓▓▓▓▓▓▓▓▓▓▓▓▓▓▓▓▓
.........[.......................
▓▓▓▓▓▓▓▓▓▓▓▓▓▓▓▓▓▓▓▓▓▓▓▓▓▓▓▓▓▓▓▓▓
[[..'[(!(...†.††.'........††.....
▓▓▓▓▓▓▓▓▓▓▓▓▓▓▓▓▓▓▓▓▓▓▓▓▓▓▓▓▓▓▓▓▓
.................................
▓▓▓▓▓▓▓▓▓▓▓▓▓▓▓▓▓▓▓▓▓▓▓▓▓▓▓▓▓▓▓▓▓
)......'..[[..)..'_______________


You could see 3 orc knights, 2 orc warriors and 2 friendly river rats.

Vanquished Creatures
  Gastronok (D)
  Josephine (D)
  A hydra (D)
  Erica (D)
  An orc high priest (D)
  3 orc knights (D)
  An orc sorcerer (D)
  An oklob plant (D)
  A cane toad (D)
  A torpor snail (D)
  3 rime drakes (D)
  2 komodo dragons (D)
  4 polar bears (D)
  A blink frog (D)
  A yak (D)
  5 wraiths (D)
  3 water moccasins (D)
  13 orc warriors (D)
  A phantom (D)
  5 black bears (D)
  An eye of draining (D)
  A wolf (D)
  5 bullfrogs (D)
  A scorpion (D)
  An orc priest (D)
  4 orc wizards (D)
  2 worker ants (D)
  A gnoll (D)
  3 adders (D)
  An adder zombie (D)
  A leopard gecko (D)
  6 orcs (D)
  A goblin (D)
  A jackal (D)
  A bat (D)
  A jackal zombie (D)
  A kobold (D)
  2 rats (D)
84 creatures vanquished.

Notes
Turn   | Place    | Note
-------+----------+-------------------------------------------
     0 | D        | sahdkjhfkaj the Deep Dwarf Fighter began the quest for the
                  | Orb.
     0 | D        | Reached XP level 1. HP: 20/20 MP: 1/1
    16 | D        | Reached skill level 1 in Dodging
    32 | D        | Noticed a scorpion
    32 | D        | Noticed a worker ant
    32 | D        | Noticed a worker ant
    35 | D        | Killed a worker ant
    36 | D        | Reached skill level 4 in Maces & Flails
    36 | D        | Reached XP level 2. HP: 28/28 MP: 2/2
    42 | D        | Reached XP level 3. HP: 36/36 MP: 3/3
    52 | D        | Reached skill level 5 in Maces & Flails
    52 | D        | Reached skill level 5 in Armour
    52 | D        | Reached XP level 4. HP: 34/44 MP: 4/4
    63 | D        | Reached skill level 6 in Maces & Flails
    68 | D        | Found a roughly hewn altar of Beogh.
    68 | D        | Found a snail-covered altar of Cheibriados.
    68 | D        | Found a shadowy altar of Dithmenos.
    68 | D        | Found a white marble altar of Elyvilon.
    68 | D        | Found a blossoming altar of Fedhas.
    68 | D        | Found an opulent altar of Gozag.
    69 | D        | Found a hazy altar of Hepliaklqana.
    70 | D        | Found a viscous altar of Jiyva.
    71 | D        | Found an ancient bone altar of Kikubaaqudgha.
    72 | D        | Found a corrupted altar of Lugonu.
    73 | D        | Found a burning altar of Makhleb.
    74 | D        | Found a sparkling altar of Nemelex Xobeh.
    75 | D        | Found an iron altar of Okawaru.
    76 | D        | Found a stormy altar of Qazlal.
    77 | D        | Found a sacrificial altar of Ru.
    78 | D        | Found a shimmering blue altar of Sif Muna.
    80 | D        | Found a bloodstained altar of Trog.
    81 | D        | Found a hide-covered altar of Uskayaw.
    82 | D        | Became a worshipper of Makhleb the Destroyer
    83 | D        | Found a radiant altar of Vehumet.
    84 | D        | Found an ornate altar of the Wu Jian Council.
    85 | D        | Found a shimmering altar of Xom.
    86 | D        | Found a basalt altar of Yredelemnul.
    87 | D        | Found a glowing silver altar of Zin.
    88 | D        | Found a glowing golden altar of the Shining One.
   143 | D        | Noticed a phantom
   143 | D        | Noticed a black bear
   146 | D        | Killed a black bear
   147 | D        | Reached skill level 5 in Fighting
   147 | D        | Reached skill level 7 in Maces & Flails
   147 | D        | Reached skill level 5 in Dodging
   147 | D        | Reached XP level 5. HP: 48/52 MP: 5/5
   151 | D        | Reached * piety under Makhleb
   167 | D        | Noticed an eye of draining
   167 | D        | Noticed a yak
   171 | D        | Reached ** piety under Makhleb
   172 | D        | Reached skill level 8 in Maces & Flails
   183 | D        | Killed a yak
   184 | D        | Reached skill level 9 in Maces & Flails
   184 | D        | Reached XP level 6. HP: 63/63 MP: 0/6
   198 | D        | Reached *** piety under Makhleb
   204 | D        | Reached skill level 10 in Maces & Flails
   204 | D        | Reached XP level 7. HP: 70/70 MP: 0/7
   328 | D        | Noticed Erica
   350 | D        | Killed Erica
   351 | D        | Reached skill level 11 in Maces & Flails
   351 | D        | Reached XP level 8. HP: 13/81 MP: 8/8
   376 | D        | Found the +2 ratskin cloak {*Rats rPois rN+ Str-1 Int-1
                  | Dex+1}
   400 | D        | Noticed a rime drake
   400 | D        | Noticed a komodo dragon
   402 | D        | Noticed a rime drake
   407 | D        | Reached **** piety under Makhleb
   413 | D        | Reached skill level 12 in Maces & Flails
   419 | D        | Killed a komodo dragon
   420 | D        | Reached skill level 10 in Armour
   421 | D        | Noticed a rime drake
   430 | D        | Killed a rime drake
   431 | D        | Reached skill level 10 in Dodging
   431 | D        | Gained mutation: You passively map the area around you.
                  | [Deep Dwarf growth]
   431 | D        | Reached XP level 9. HP: 65/91 MP: 9/9
   431 | D        | Reached ***** piety under Makhleb
   441 | D        | Killed a rime drake
   442 | D        | Reached skill level 13 in Maces & Flails
   449 | D        | Killed a rime drake
   479 | D        | Noticed a torpor snail
   479 | D        | Noticed a komodo dragon
   479 | D        | Noticed a cane toad
   480 | D        | Noticed an eight-headed hydra
   483 | D        | Killed a cane toad
   494 | D        | Killed a komodo dragon
   495 | D        | Reached skill level 14 in Maces & Flails
   504 | D        | Killed a torpor snail
   505 | D        | Reached skill level 10 in Fighting
   511 | D        | Killed an eight-headed hydra
   512 | D        | Reached XP level 10. HP: 100/103 MP: 10/10
   521 | D        | Reached ****** piety under Makhleb
   529 | D        | Noticed an oklob plant
   541 | D        | Killed an oklob plant
   542 | D        | Reached skill level 15 in Maces & Flails
   622 | D        | Noticed Josephine
   637 | D        | Killed Josephine
   638 | D        | Reached skill level 16 in Maces & Flails
   674 | D        | Noticed Gastronok
   692 | D        | Killed Gastronok
   693 | D        | Reached skill level 10 in Invocations
   693 | D        | Reached XP level 11. HP: 101/111 MP: 9/17
   802 | D        | Noticed an orc knight
   827 | D        | Killed an orc knight
   882 | D        | Noticed an orc high priest
   882 | D        | Noticed an orc sorcerer
   896 | D        | Killed an orc sorcerer
   913 | D        | Killed an orc high priest
   937 | D        | Reached skill level 15 in Invocations
   972 | D        | Found Dilem's Book Boutique.
   972 | D        | Noticed an orc knight
   972 | D        | Noticed an orc knight
   972 | D        | Noticed an orc knight
   976 | D        | Noticed an orc knight
   982 | D        | Noticed an orc knight
   982 | D        | Killed an orc knight
   986 | D        | Found Nyeps's Weapon Shop.
   999 | D        | Killed an orc knight
  1001 | D        | Slain by an orc knight

Illustrated notes

Levels and vault maps discovered:
D:        linesprint [early_d, line_temple, items_1, d_10, items_2, lair_1,
          lair_end, items_3, orc_1, orc_end, items_4, d_15, swamp_1, shoals_1,
          snake_1, spider_1, d_20, vaults_1, items_5, swamp_end, shoals_end,
          snake_end, spider_end, vaults_end, d_27, items_6, zot_1, zot_end,
          crypt_end, forest_end, elf_end, slime_end, tomb_end, abyss_end,
          pan_hell_end]

Skill      XL: |  1  2  3  4  5  6  7  8  9 10 11 |
---------------+----------------------------------+-----
Dodging        | 2 3 5 6 7 9 10 11 12 13 | 13.1
Fighting       | 3 4 5 6 8 9 10 11 | 11.6
Maces & Flails | 4 5 7 9 10 11 12 14 16 | 16.5
Armour         | 4 5 6 7 8 9 10 12 13 | 13.5
Invocations    | 10 15 | 15.0
Shields        | |  3.2

Action                   |  1- 3 |  4- 6 |  7- 9 | 10-12 || total
-------------------------+-------+-------+-------+-------++-------
Melee: Flail             |    40 |    11 |       |       ||    51
       Dire flail        |       |    49 |   101 |   263 ||   413
 Abil: Heal Wounds       |       |     1 |     4 |     3 ||     8
Armor: Scale mail        |    12 |    22 |    20 |    62 ||   116
Dodge: Dodged            |    14 |    24 |    56 |   109 ||   203
Block: Kite shield       |    25 |     2 |       |       ||    27

Table legend: (Time is in decaauts)
 A = Elapsed time spent in this place.
 B = Non-inter-level travel time spent in this place.
 C = Inter-level travel time spent in this place.
 D = Time resting spent in this place.
 E = Time spent auto-exploring this place.
 F = Levels seen in this place.
 G = Mean time per level.
                   A        B        C        D        E       F      G
               +--------+--------+--------+--------+--------+-----+--------+
         Total |    931 |    931 |      0 |      0 |    397 |   1 |  931.0 |
       Dungeon |    931 |    931 |      0 |      0 |    397 |   1 |  931.0 |
               +--------+--------+--------+--------+--------+-----+--------+

Top non-repeatable levels by time:
       D: 931 daAuts
